 Dungeon Crawl Stone Soup version 0.30-a0-986-g7f2e898f52 (webtiles) character file.

Game seed: 721721396412665571

3787 ytrimaz the Cleaver (level 10, -5/70 HPs)
             Began as a Formicid Fighter on Apr 2, 2023.
             Killed from afar by a rakshasa (23 damage)
             ... with a lance of force
             ... on level 8 of the Dungeon.
             The game lasted 00:08:20 (7216 turns).

ytrimaz the Cleaver (Formicid Fighter)              Turns: 7216, Time: 00:08:22

Health: -5/70      AC: 13    Str: 25    XL:     10   Next: 38%
Magic:  10/10      EV: 11    Int:  8    God:
Gold:   532        SH:  6    Dex: 13    Spells: 9/9 levels left

rFire   + . .      SeeInvis +    b - +2 broad axe (flame)
rCold   + . .      Faith    .    c - +1 buckler
rNeg    . . .      Spirit   .    t - +0 plate armour
rPois   .          Reflect  .    (helmet unavailable)
rElec   +          Rampage  .    g - scarf of the Great Game {rC+ rF+, rElec rCorr}
rCorr   +                        (no gloves)
Will    +....                    j - +1 pair of boots Stlth
                                 (no amulet)
HPRegen 0.31/turn                e - +5 ring of evasion
MPRegen 0.12/turn                (no ring)

@: no status effects
A: permanent stasis, dig shafts and tunnels, antennae 3, four strong arms
a: Dig, Shaft Self


You were on level 8 of the Dungeon.
You visited 2 branches of the dungeon, and saw 9 of its levels.

You collected 532 gold pieces.


Innate Abilities, Weirdness & Mutations

You cannot be hasted, slowed, berserked, paralysed or teleported.
You can dig through walls and to a lower floor.
You have a pair of large antennae on your head. (SInv)
Your four strong arms can wield two-handed weapons with a shield.


   Skills:
 - Level 3.2 Fighting
 + Level 14.2 Axes
 - Level 3.2 Armour
 - Level 4.0 Shields


You had 9 spell levels left.
You didn't know any spells.
Your spell library contained the following spells:

 Spells                   Type           Power      Damage    Failure   Level
 Ensorcelled Hibernation  Hex/Ice        0%         N/A       100%        2
 Lesser Beckoning         Tloc           0%         N/A       100%        2
 Momentum Strike          Conj/Tloc      0%         3d8       100%        2
 Gell's Gravitas          Tloc           0%         N/A       100%        3
 Spider Form              Tmut/Pois      0%         N/A       100%        3
 Teleport Other           Tloc           0%         N/A       100%        3
 Anguish                  Hex/Necr       0%         N/A       100%        4
 Dispersal                Tloc           0%         N/A       100%        6
 Blink                    Tloc           Unusable   N/A       N/A         2

Inventory:

Hand Weapons
 a - a +0 war axe
 b - a +2 broad axe of flaming (weapon)
   (You took it off Maggie on level 7 of the Dungeon)
 w - a +2 hand axe of draining
   (You took it off an orc on level 7 of the Dungeon)
Armour
 c - a +1 buckler (worn)
 g - the scarf of the Great Game (worn) {rC+ rF+, rElec rCorr}
   (You acquired it on level 2 of the Dungeon)

   rElec:     It insulates you from electricity.
   rCorr:     It protects you from acid and corrosion.
 j - a +1 pair of boots (worn)
   (You found it on level 6 of the Dungeon)
 t - a +0 plate armour (worn)
   (You found it on level 4 of the Dungeon)
Jewellery
 e - a +5 ring of evasion (left hand)
   (You found it on level 3 of the Dungeon)
 h - an amulet of faith
   (You found it on level 1 of the Dungeon)
Wands
 q - a wand of paralysis (13)
   (You found it on level 7 of the Dungeon)
 x - a wand of roots (10)
   (You took it off a wight on level 8 of the Dungeon)
Scrolls
 m - a scroll of silence
 p - 3 scrolls of enchant armour
 r - a scroll of torment
 v - a scroll of fear
Potions
 d - 3 potions of heal wounds
 f - 3 potions of curing
 i - 2 potions of brilliance
 k - 6 potions of mutation
 l - 5 potions of attraction
 n - a potion of resistance
 o - a potion of lignification
 s - a potion of ambrosia {unknown}
 u - a potion of flight

Dungeon Overview and Level Annotations

Branches:
Dungeon (8/15) Zot: 26874  Temple (1/1) D:4 Zot: 5783
   Lair: D:8-11

Altars:
Cheibriados
Elyvilon
Fedhas
Gozag
Kikubaaqudgha
Makhleb
Nemelex Xobeh
Qazlal
Sif Muna
Trog
Uskayaw
Vehumet
Yredelemnul
Zin

Annotations:
D:5 1 runed translucent door, Crazy Yiuf

{ {{ ###### #....#
####)####
####.##)##.#
#.@RR.).R..#
#######.##.##.##[#
...#...#####.####
#.#.### #...# { {
#<....# {##.## {
####### #.# { {
... { #.# { { #.#


You could see 3 rakshasas.


Message History

You kill the wyvern!
Unknown command.
You barely miss the kobold brigand. The kobold brigand misses you.
You closely miss the kobold brigand.
A wight comes into view.
It is wielding a +3 spear and carrying a wand of roots (10).
You block the kobold brigand's attack. 😕 HP[+1]
You barely miss the kobold brigand. The wight hits you but does no damage.
The kobold brigand misses you.
You slice the kobold brigand!! You burn the kobold brigand!
You kill the kobold brigand!
You block the wight's attack.
Unknown command.
The wight hits you but does no damage.
Items here: ( ) ††. 😕 HP[+1]
You slash the wight! You burn the wight.
You destroy the wight!
An orc priest comes into view. It is wielding a +0 falchion.
The orc priest shouts!
Things that are here:
a +3 spear; a +0 robe; a wand of roots (10) 😕 HP[+1] Unknown command.
You slash the orc priest! You burn the orc priest.
The orc priest hits you but does no damage.
You slice the orc priest!! You burn the orc priest.
You kill the orc priest!
No target in view!
You now have 523 gold pieces (gained 14).
Things that are here:
a +0 falchion; an orc corpse 😕 HP[+1] Unknown command.
No target in view!
Things that are here:
a +0 falchion; an orc corpse
x - a wand of roots (10)
Things that are here:
a +3 spear; a +0 robe 😎 HP[+4]
Your hp is fully restored (70).
You now have 532 gold pieces (gained 9).
A rakshasa comes into view. It is wielding a +0 trident.
A rakshasa is nearby!
A rakshasa is nearby!
Unknown command.
Unknown command.
Items here: ( ) ††.
You start waiting.
A rakshasa is nearby!
You block the rakshasa's attack. The rakshasa closely misses you.
Items here: ( ) ††.
You slice the rakshasa!! You burn the rakshasa!
The rakshasa hits you but does no damage.
Unknown command.
You hit the rakshasa. You burn the rakshasa. You block the rakshasa's attack.
You miss the rakshasa. You block the rakshasa's attack.
Unknown command.
You slash the rakshasa! You burn the rakshasa.
The injured rakshasa weaves a defensive illusion!
You block the rakshasa's attack.
The rakshasa hits you but does no damage.
You miss the rakshasa. You hit the rakshasa but do no damage.
The rakshasa hits you with a +0 trident.
The rakshasa hits you from afar with a +0 trident!
You block the rakshasa's attack. 😕 HP[-10]
You take 10 damage, and now have 60/70 hp.
Unknown command.
You hit the rakshasa. You burn the rakshasa.
You hit the rakshasa but do no damage. The rakshasa gestures at you.
The lance of force hits you!!
You are knocked back by the lance of force. 😮 HP[-20]
You take 20 damage, and now have 40/70 hp.
MASSIVE DAMAGE!! (PAUSE)
You close the door. 😮 HP[+1]
You start resting.
Something unseen opens the door.
You block the rakshasa's attack.
The rakshasa blinks!
You block the rakshasa's attack.
The rakshasa hits you from afar with a +0 trident!
* * * LOW HITPOINT WARNING * * *
There is an open door here. 😨 HP[-11]
You take 11 damage, and now have 30/70 hp.
Unknown command.
You slice the rakshasa!! You burn the rakshasa!
The rakshasa hits you but does no damage.
The rakshasa hits you from afar with a +0 trident!
* * * LOW HITPOINT WARNING * * *
😨 HP[-12]
You take 12 damage, and now have 18/70 hp.
You barely miss the rakshasa. The rakshasa gestures at you.
The lance of force hits you!!
You die...

Skill      XL: |  1  2  3  4  5  6  7  8  9 10 |
---------------+-------------------------------+-----
Axes           | 3 4 6 7 8 10 13 14 | 14.2
Fighting       | |  3.2
Armour         | |  3.2
Shields        | |  4.0

Action                     |  1- 3 |  4- 6 |  7- 9 | 10-12 || total
---------------------------+-------+-------+-------+-------++-------
  Melee: War axe           |    83 |    94 |   228 |    24 ||   429
         Broad axe         |       |       |       |    28 ||    28
  Evoke: Wand              |       |       |    13 |       ||    13
    Use: Scroll            |     2 |    11 |     9 |       ||    22
         Potion            |       |     2 |     2 |     1 ||     5
 Armour: Scale mail        |    38 |    43 |     7 |       ||    88
         Plate armour      |       |       |    76 |    13 ||    89
         Skin              |       |       |    18 |    14 ||    32
  Dodge: Dodged            |    40 |    51 |   118 |    12 ||   221
  Block: Buckler           |    26 |    23 |    78 |    15 ||   142

Levels and vault maps discovered:
D:1:      dpeg_arrival_ternary, layout_loops_ring
D:2:      layout_basic, chequers_ecumenical_altar_simple, basic_altar,
          kennysheep_path_1, minmay_stone_trees_small, minmay_small_reverse_x
D:3:      layout_basic, uniq_ijyb
D:4:      minmay_door_path, layout_basic, minmay_temple_entry_sparse_star,
          minmay_misc_feat_rows, nicolae_wormholes, uniq_sigmund
D:5:      layout_basic, uniq_pikel, uniq_grinder, uniq_crazy_yiuf_cottage
D:6:      layout_basic, nicolae_fountain_basement, uniq_blork_the_orc
D:7:      layout_cave_pools, kennysheep_ying_yang, uniq_maggie
D:8:      hangedman_cross_veins, layout_basic, serial_shops,
          nicolae_shop_hallway_stairs
Temple:   minmay_temple_bridge_abc

Notes
Turn   | Place    | Note
-------+----------+-------------------------------------------
     0 | D:1      | ytrimaz the Formicid Fighter began the quest for the Orb.
     0 | D:1      | Reached XP level 1. HP: 18/18 MP: 1/1
     0 | D:1      | magus.rc [v1.9.6]
    55 | D:1      | Reached XP level 2. HP: 23/24 MP: 2/2
   126 | D:1      | You fall into a shaft and drop 1 floor!
   230 | D:1      | Reached skill level 3 in Axes
   368 | D:1      | Reached XP level 3. HP: 23/29 MP: 3/3
   727 | D:2      | Found a radiant altar of Vehumet.
   942 | D:2      | Reached skill level 4 in Axes
   942 | D:2      | Reached XP level 4. HP: 22/35 MP: 4/4
  1133 | D:2      | Found a faded altar of an unknown god.
  1519 | D:2      | Identified a scroll of acquirement
  1519 | D:2      | Acquired the scarf of the Great Game {rC+ rF+, rElec rCorr}
  1597 | D:3      | Reached XP level 5. HP: 27/41 MP: 5/5
  1608 | D:3      | HP: 10/41 [poisoned by a kobold]
  1610 | D:2      | HP: 4/41 [poisoned by a kobold]
  1953 | D:3      | Reached skill level 5 in Axes
  1961 | D:3      | You add the spells Gell's Gravitas, Teleport Other and
                  | Dispersal to your library.
  2074 | D:3      | You pick up a book of Spatial Translocations and begin
                  | reading...
  2074 | D:3      | You add the spells Momentum Strike and Lesser Beckoning to
                  | your library.
  2229 | D:3      | Noticed Ijyb
  2271 | D:4      | Killed Ijyb
  2444 | D:4      | Found a staircase to the Ecumenical Temple.
  2461 | Temple   | Entered the Ecumenical Temple
  2689 | D:4      | Noticed Sigmund
  2698 | D:4      | Killed Sigmund
  2699 | D:4      | Reached skill level 6 in Axes
  2699 | D:4      | Reached XP level 6. HP: 39/47 MP: 6/6
  2822 | D:4      | Reached skill level 7 in Axes
  2822 | D:4      | Reached XP level 7. HP: 21/52 MP: 7/7
  3697 | D:5      | Entered Level 5 of the Dungeon
  3748 | D:5      | Noticed Grinder
  3770 | D:5      | Killed Grinder
  3771 | D:5      | Reached skill level 8 in Axes
  3771 | D:5      | Reached XP level 8. HP: 48/58 MP: 8/8
  3897 | D:5      | Found a runed translucent door.
  3898 | D:5      | Noticed Crazy Yiuf
  4024 | D:5      | Noticed Pikel
  4231 | D:5      | Killed Pikel
  4232 | D:5      | Reached skill level 10 in Axes
  4742 | D:5      | Reached XP level 9. HP: 46/64 MP: 9/9
  4946 | D:6      | Noticed Blork the orc
  4961 | D:6      | Killed Blork the orc
  4962 | D:6      | Reached skill level 11 in Axes
  5441 | D:6      | Reached skill level 12 in Axes
  5496 | D:6      | You pick up a book of Dreams and begin reading...
  5496 | D:6      | You add the spells Ensorcelled Hibernation, Spider Form and
                  | Anguish to your library.
  6471 | D:7      | Noticed a cyclops
  6487 | D:7      | Killed a cyclops
  6488 | D:7      | Reached skill level 13 in Axes
  6488 | D:7      | Reached XP level 10. HP: 70/70 MP: 10/10
  6607 | D:7      | Noticed Maggie
  6623 | D:7      | Killed Maggie
  6864 | D:7      | Reached skill level 14 in Axes
  6915 | D:7      | Found a basalt altar of Yredelemnul.
  6995 | D:7      | Found a white marble altar of Elyvilon.
  7192 | D:8      | Noticed a rakshasa
  7216 | D:8      | Killed from afar by a rakshasa

Vanquished Creatures
  Pikel (D:5)
  A cyclops (D:7)
  Maggie (D:7)
  Grinder (D:5)
  Sigmund (D:4)
  2 wyverns
  A water moccasin (D:5)
  A sky beast (D:7)
  3 ice beasts (D:6)
  2 black bears (D:6)
  A centaur (D:7)
  An ogre (D:4)
  3 lemures
  Blork the orc (D:6)
  A kobold brigand (D:8)
  A bullfrog (D:6)
  A scorpion (D:4)
  6 wights
  A howler monkey (D:6)
  4 orc priests
  3 jellies
  A sleepcap (D:6)
  Ijyb (D:4)
  3 iguanas
  3 orc wizards
  4 gnolls
  10 adders
  A shadow imp (D:5)
  An ufetubus (D:5)
  4 worms
  3 dart slugs
  16 orcs
  4 bats
  6 endoplasms
  2 giant cockroaches
  6 goblins
  9 hobgoblins
  5 jackals (D:1)
  2 quokkas
  7 ball pythons
  3 frilled lizards
  9 kobolds
  3 rats
140 creatures vanquished.

Table legend:
 A = Non-vault XP
 B = Vault XP
 C = Vault XP percentage of total XP
 D = Non-vault monster count
 E = Vault monster count
 F = Vault count percentage of total count
                 A         B        C        D         E       F
            +---------+---------+-------+---------+---------+-------
      Total |    3058 |    2352 |  43.5 |     109 |      28 |  20.4
            +---------+---------+-------+---------+---------+-------
        D:1 |      41 |       0 |   0.0 |      23 |       0 |   0.0
        D:2 |      43 |      30 |  41.1 |      12 |       4 |  25.0
        D:3 |      65 |       0 |   0.0 |      19 |       0 |   0.0
        D:4 |     312 |     329 |  51.3 |      20 |       8 |  28.6
        D:5 |     204 |    1029 |  83.5 |       7 |       5 |  41.7
        D:6 |    1232 |     193 |  13.5 |      15 |       5 |  25.0
        D:7 |    1161 |     364 |  23.9 |      13 |       2 |  13.3
        D:8 |       0 |     407 | 100.0 |       0 |       4 | 100.0
            +---------+---------+-------+---------+---------+-------

Illustrated notes

Table legend:
 A = Kills in this place as a percentage of kills in the entire game.
 B = Kills by you in this place as a percentage of kills by you in the entire game.
 C = Kills by friends in this place as a percentage of kills by friends in the entire game.
 D = Other kills in this place as a percentage of other kills in the entire game.
 E = Experience gained in this place as a percentage of experience gained in the entire game.
 F = Experience gained in this place divided by the number of levels of this place that you have seen.
                   A       B       C       D       E      F
               +-------+-------+-------+-------+-------+----------------------
         Total | 100.0 | 100.0 |   N/A |   N/A | 100.0 | 601.1
       Dungeon | 100.0 | 100.0 |   N/A |   N/A | 100.0 | 676.2
               +-------+-------+-------+-------+-------+----------------------

Table legend: (Time is in decaauts)
 A = Elapsed time spent in this place.
 B = Non-inter-level travel time spent in this place.
 C = Inter-level travel time spent in this place.
 D = Time resting spent in this place.
 E = Time spent auto-exploring this place.
 F = Levels seen in this place.
 G = Mean time per level.
                   A        B        C        D        E       F      G
               +--------+--------+--------+--------+--------+-----+--------+
         Total |   7277 |   6988 |    289 |    900 |   4820 |   9 |  808.6 |
       Dungeon |   7061 |   6794 |    267 |    900 |   4632 |   8 |  882.6 |
        Temple |    216 |    194 |     22 |      0 |    188 |   1 |  216.0 |
               +--------+--------+--------+--------+--------+-----+--------+

Top non-repeatable levels by time:
     D:6: 1557 daAuts
     D:4: 1278 daAuts
     D:2: 1157 daAuts
     D:5: 1004 daAuts
     D:7: 834 daAuts
     D:1: 669 daAuts
     D:3: 463 daAuts
  Temple: 216 daAuts
     D:8: 94 daAuts
